 Dungeon Crawl Stone Soup version 0.20-a0-513-g02c11fc (webtiles) character file.

6273 polly the Thaumaturge (level 10, 0/38 HPs)
             Began as a Felid Conjurer on Jan 23, 2017.
             Was an Elder of Vehumet.
             Slain by a two-headed ogre
             ... wielding a +0 dire flail
              (14 damage)
             ... on level 10 of the Dungeon.
             The game lasted 01:04:09 (18067 turns).

polly the Thaumaturge (Felid Conjurer)             Turns: 18067, Time: 01:04:11

Health: 0/38       AC:  2    Str:  4      XL:     10   Next: 63%
Magic:  12/27      EV: 20    Int: 22 (23) God:    Vehumet [****..]
Gold:   395        SH:  0    Dex: 16 (17) Spells: 25/34 levels left
                                        Lives:  0   Deaths: 3

rFire    . . .     SeeInvis +     - Unarmed
rCold    . . .     Gourm    .   (armour unavailable)
rNeg     . . .     Faith    .   (shield unavailable)
rPois    .         Spirit   .   (helmet unavailable)
rElec    .         Reflect  .   (cloak unavailable)
rCorr    .         Harm     .   (gloves unavailable)
MR       +....                  (boots unavailable)
Stlth    +++.......             (no amulet)
Regen    0.2/turn               (no ring)
                                l - +3 ring of intelligence

@: quick
A: no armour, no weapons or thrown items, stealth, claws 1, fangs 3, see
invisible, carnivore 3, speed 1, shaggy fur 2, slow metabolism 1, sharp paws
a: Renounce Religion


You were on level 10 of the Dungeon.
You worshipped Vehumet.
Vehumet was greatly pleased with you.
You were not hungry.

You visited 2 branches of the dungeon, and saw 11 of its levels.

You collected 560 gold pieces.
You spent 165 gold pieces at shops.

Inventory:

Jewellery
 c - an uncursed ring of magical power {unknown}
 l - a +3 ring of intelligence (left paw)
 q - an uncursed amulet of faith
 t - an uncursed ring of positive energy {unknown}
 J - an uncursed amulet of magic regeneration {unknown}
Wands
 n - a wand of polymorph (7/24)
 o - a wand of lightning (0/15)
 r - a wand of clouds (3/9)
 s - a wand of disintegration (13/24)
 v - a wand of flame (24/48)
 x - a wand of random effects (22/48)
 y - a wand of confusion (26/48)
 F - a wand of flame (24/48)
Scrolls
 d - 3 scrolls of magic mapping
 f - a scroll of blinking
 g - 3 scrolls of teleportation
 h - 5 scrolls of remove curse
 i - a scroll of immolation {unknown}
 w - 2 scrolls of recharging
 E - a scroll of acquirement {unknown}
 G - a scroll of noise {unknown}
 H - a scroll of amnesia {unknown}
Potions
 e - 2 potions of might
 j - 2 potions of magic
 k - 2 potions of cancellation
 m - 2 potions of lignification
 u - a potion of flight
 z - 3 potions of degeneration
 A - a potion of brilliance
 C - a potion of haste {unknown}
 I - a potion of ambrosia {unknown}
Books
 a - a book of Conjurations

   Spells                             Type                      Level
   a - Magic Dart                     Conjuration                  1
   b - Searing Ray                    Conjuration                  2
   c - Dazzling Spray                 Conjuration/Hexes            3
   d - Fulminant Prism                Conjuration/Hexes            4
   e - Iskenderun's Mystic Blast      Conjuration                  4
   f - Iskenderun's Battlesphere      Conjuration/Charms           5
 D - a book of Misfortune

   Spells                             Type                      Level
   a - Confusing Touch                Hexes                        1
   b - Confuse                        Hexes                        3
   c - Gell's Gravitas                Hexes/Translocation          3
   d - Petrify                        Transmutation/Earth          4
   e - Metabolic Englaciation         Hexes/Ice                    5
   f - Yara's Violent Unravelling     Hexes/Transmutation          5
Comestibles
 b - 6 meat rations
 B - 2 royal jellies


   Skills:
 - Level 0.4 Fighting
 + Level 5.2 Dodging
 + Level 5.2 Stealth
 - Level 1.0 Unarmed Combat
 * Level 12.6 Spellcasting
 + Level 10.0 Conjurations
 + Level 0.4 Hexes
 + Level 0.9 Evocations


You had 25 spell levels left.
You knew the following spells:

 Your Spells              Type           Power        Failure   Level  Hunger
a - Magic Dart            Conj           ####         1%          1    None
b - Fulminant Prism       Conj/Hex       #####.....   2%          4    None
c - Iskenderun's Mystic   Conj           ######..     1%          4    None


Dungeon Overview and Level Annotations

Branches:
Dungeon (10/15)            Temple (1/1) D:4            Lair (0/6) D:9
    Orc: D:9-12

Altars:
Ashenzari
Cheibriados
Dithmenos
Elyvilon
Fedhas
Gozag
Hepliaklqana
Kikubaaqudgha
Makhleb
Nemelex Xobeh
Okawaru
Qazlal
Ru
Sif Muna
Trog
Uskayaw
Vehumet
Xom
Yredelemnul
Zin
The Shining One

Shops:
D:4 }   D:5 [   D:9 %   D:10 =

Annotations:
D:2 Robin
D:10 Grum


Innate Abilities, Weirdness & Mutations

You cannot wear armour.
You are incapable of wielding weapons or throwing items.
Your paws allow you to move quietly. (Stealth)
You have sharp claws.
You have razor-sharp teeth.
You have supernaturally acute eyesight. (SInv)
You are carnivorous and can eat meat at any time.
You cover ground quickly.
You are covered in thick fur. (AC +2)
You have a slow metabolism.
Your sharp claws are effective at attacking unaware monsters.


Message History

Casting: Iskenderun's Mystic Blast
Confirm with . or Enter, or press ? or * to list all spells.
Aiming: Iskenderun's Mystic Blast
Press: ? - help, Shift-Dir - straight line, f/p - two-headed ogre
Aim: a two-headed ogre, wielding a dire flail and a great mace (moderately wounded)
The orb of energy hits the two-headed ogre.
The two-headed ogre is severely wounded.
The orb of energy explodes!
Casting: Iskenderun's Mystic Blast
Confirm with . or Enter, or press ? or * to list all spells.
Aiming: Iskenderun's Mystic Blast
Press: ? - help, Shift-Dir - straight line, f/p - two-headed ogre
Aim: a two-headed ogre, wielding a dire flail and a great mace (severely wounded)
The orb of energy hits the two-headed ogre.
The two-headed ogre is almost dead.
The orb of energy explodes!
The two-headed ogre hits you with a dire flail!!
Ouch! That really hurt!
The two-headed ogre hits you with a great mace!
You die...

#............###.'..##...
#.........g..# ###..##..#
#............# #..##...
#....[.......# #.###..#
######'####### #####..#
#.....# ####...# #.###.#
##....... #. #O###
#.......# # #@..#
#..###.## ##.[#
##..##.#.#
###''#####...#.....
#.............#....
#............#....#
#..##.#.###.###.(##
#..###.###.#.##..##
#................##
#...............###


You could see a two-headed ogre.

Vanquished Creatures
  The ghost of acidosis4 the Carver, a journeyman HuGl of Dithmenos (D:10)
  2 two-headed ogres
  Pikel (D:4)
  3 trolls
  7 yaks
  4 hungry ghosts
  Menkaure (D:4)
  Edmund (D:6)
  Duvessa (D:7)
  A phantom (D:7)
  3 orc warriors
  2 ice beasts
  A sky beast (D:8)
  A black bear (D:8)
  4 slaves
  A hornet zombie (D:10)
  A necrophage (D:6)
  6 ogres
  2 wolves (D:10)
  4 centaurs
  A crocodile (D:10)
  Blork the orc (D:6)
  4 bullfrogs
  2 gnoll sergeants
  A wyvern zombie (D:10)
  Dowan (D:7)
  4 scorpions
  A water moccasin skeleton (D:9)
  18 killer bees
  4 howler monkeys
  2 electric eels (D:6)
  6 crimson imps
  2 bullfrog zombies
  3 jellies
  5 hounds
  4 orc wizards
  6 orc priests
  Crazy Yiuf (D:4)
  A bullfrog skeleton (D:6)
  Jessica (D:2)
  A centaur skeleton (D:3)
  Ijyb (D:3)
  3 iguanas
  5 worker ants
  Natasha (thrice) (D:2)
  3 hound skeletons
  A howler monkey zombie (D:6)
  A worker ant zombie (D:8)
  2 howler monkey skeletons
  21 gnolls
  18 adders
  2 shadow imps
  2 oozes
  An adder zombie (D:5)
  A worm (D:2)
  2 dart slugs
  10 leopard geckos
  30 orcs
  8 giant cockroaches
  15 goblins
  13 hobgoblins
  4 jackals (D:5)
  5 quokkas
  2 ball pythons
  8 bats
  3 frilled lizards
  A jackal skeleton (D:4)
  8 kobolds
  A leopard gecko skeleton (D:4)
  5 rats
  A fungus (D:4)
296 creatures vanquished.

Vanquished Creatures (others)
  5 dream sheep (D:3)
  2 orcs
  A fulminant prism (D:3)
8 creatures vanquished.

Grand Total: 304 creatures vanquished

Notes
Turn   | Place    | Note
-------+----------+-------------------------------------------
     0 | D:1      | polly the Felid Conjurer began the quest for the Orb.
     0 | D:1      | Reached XP level 1. HP: 7/7 MP: 4/4
   387 | D:1      | Reached XP level 2. HP: 7/11 MP: 1/6
  1000 | D:2      | Reached XP level 3. HP: 14/14 MP: 1/7
  1083 | D:2      | Noticed Jessica
  1089 | D:2      | Killed Jessica
  1090 | D:2      | Noticed Robin
  1321 | D:2      | Reached XP level 4. HP: 18/18 MP: 0/8
  1441 | D:2      | Found a faded altar of an unknown god.
  1528 | D:2      | Noticed Natasha
  1543 | D:2      | Killed Natasha
  2274 | D:2      | Noticed Natasha
  2278 | D:2      | Killed Natasha
  2278 | D:2      | Reached XP level 5. HP: 20/21 MP: 4/10
  2322 | D:2      | Noticed Natasha
  2327 | D:2      | Killed Natasha
  2327 | D:2      | Reached skill level 3 in Spellcasting
  3124 | D:3      | Reached skill level 5 in Conjurations
  3393 | D:3      | Gained mutation: You are covered in thick fur. (AC +2) [Felid growth]
  3393 | D:3      | Reached XP level 6. HP: 25/25 MP: 8/12
  3420 | D:3      | Noticed Ijyb
  3438 | D:3      | Killed Ijyb
  3450 | D:3      | Learned a level 4 spell: Fulminant Prism
  3916 | D:3      | Found a shimmering altar of Xom.
  3916 | D:3      | Noticed a dream sheep
  3916 | D:3      | Noticed a dream sheep
  3916 | D:3      | Noticed a dream sheep
  3916 | D:3      | Noticed a dream sheep
  3916 | D:3      | Noticed a dream sheep
  3922 | D:3      | Killed a dream sheep
  3922 | D:3      | Killed a dream sheep
  3923 | D:3      | Killed a dream sheep
  3923 | D:3      | Killed a dream sheep
  3923 | D:3      | Killed a dream sheep
  4268 | D:4      | Found Bashroupt's Gadget Shoppe.
  4453 | D:4      | Reached skill level 4 in Spellcasting
  4574 | D:4      | Found a staircase to the Ecumenical Temple.
  4595 | Temple   | Entered the Ecumenical Temple
  4871 | Temple   | Became a worshipper of Vehumet
  4951 | D:4      | Noticed Menkaure
  4958 | D:4      | Learned a level 4 spell: Iskenderun's Mystic Blast
  5171 | D:4      | Noticed Pikel
  5175 | D:4      | Noticed a slave
  5342 | D:4      | Killed Menkaure
  5342 | D:4      | Reached skill level 1 in Unarmed Combat
  5342 | D:4      | Reached XP level 7. HP: 28/28 MP: 0/14
  6360 | D:4      | Slain by Pikel
  6361 | D:4      | Reached XP level 6. HP: -3/25 MP: 14/14
  6427 | D:5      | Entered Level 5 of the Dungeon
  6450 | D:4      | Killed Pikel
  6450 | D:4      | Reached skill level 6 in Spellcasting
  6450 | D:4      | Reached XP level 7. HP: 27/28 MP: 2/17
  6482 | D:4      | Found a runed door.
  6555 | D:4      | Noticed Crazy Yiuf
  6557 | D:4      | Killed Crazy Yiuf
  7066 | D:5      | Reached * piety under Vehumet
  7066 | D:5      | Offered knowledge of Freeze by Vehumet.
  7126 | D:5      | Found Hexitwau's Armour Shop.
  7341 | D:5      | Reached XP level 8. HP: 31/31 MP: 3/19
  7513 | D:5      | Reached skill level 7 in Spellcasting
  7714 | D:5      | Found a blossoming altar of Fedhas.
  8381 | D:6      | Noticed Blork the orc
  8394 | D:6      | Killed Blork the orc
  8939 | D:6      | Reached skill level 8 in Spellcasting
  9061 | D:6      | Noticed Edmund
  9143 | D:6      | Killed Edmund
  9359 | D:6      | Reached XP level 9. HP: 33/34 MP: 9/22
  9643 | D:7      | Noticed Dowan
  9644 | D:7      | Noticed Duvessa
  9656 | D:7      | Killed Duvessa
  9657 | D:7      | Killed from afar by Dowan
  9658 | D:7      | Reached XP level 8. HP: -6/31 MP: 14/21
  9677 | D:7      | HP: 1/31 [Dowan/stone arrow (15)]
  9680 | D:7      | Killed Dowan
  9916 | D:7      | Reached skill level 9 in Spellcasting
 10873 | D:7      | Offered knowledge of Shock by Vehumet.
 11159 | D:8      | Reached ** piety under Vehumet
 11281 | D:7      | Reached XP level 9. HP: 34/34 MP: 1/23
 11522 | D:7      | Reached skill level 10 in Spellcasting
 11679 | D:8      | Found a runed door.
 11680 | D:8      | Found a basalt altar of Yredelemnul.
 12193 | D:8      | Reached skill level 5 in Stealth
 12512 | D:8      | Noticed a two-headed ogre
 12528 | D:8      | Killed a two-headed ogre
 13192 | D:9      | Found Xoramiwk's Food Emporium.
 13618 | D:9      | Bought a meat ration for 55 gold pieces
 13618 | D:9      | Bought a meat ration for 55 gold pieces
 13618 | D:9      | Bought a meat ration for 55 gold pieces
 13751 | D:8      | Reached XP level 10. HP: 24/38 MP: 2/25
 13917 | D:9      | Reached skill level 11 in Spellcasting
 14407 | D:9      | Offered knowledge of Ignite Poison by Vehumet.
 14965 | D:9      | Found a staircase to the Lair.
 15224 | D:9      | Reached *** piety under Vehumet
 15224 | D:9      | Reached skill level 5 in Dodging
 15234 | D:9      | Slain by a killer bee
 15235 | D:9      | Reached XP level 9. HP: 0/34 MP: 2/25
 15354 | D:10     | Entered Level 10 of the Dungeon
 15371 | D:10     | Noticed a troll
 15375 | D:10     | Killed a troll
 15409 | D:10     | Noticed acidosis4's ghost (journeyman HuGl)
 15739 | D:10     | Found Icassay's Jewellery Shop.
 16614 | D:10     | Noticed a troll
 16619 | D:10     | Killed a troll
 16619 | D:10     | Offered knowledge of Olgreb's Toxic Radiance by Vehumet.
 16619 | D:10     | Reached skill level 12 in Spellcasting
 16704 | D:10     | HP: 1/34 [poisoned by a killer bee]
 16918 | D:10     | Reached XP level 10. HP: 28/38 MP: 15/27
 16923 | D:10     | Noticed Grum
 17266 | D:10     | Killed acidosis4's ghost
 17491 | D:10     | Noticed a two-headed ogre
 17586 | D:10     | Killed a two-headed ogre
 17586 | D:10     | Reached skill level 10 in Conjurations
 17834 | D:10     | Reached **** piety under Vehumet
 18060 | D:10     | Noticed a two-headed ogre
 18067 | D:10     | Slain by a two-headed ogre

Vault maps used:
D:1:      kennysheep_arrival_forest
D:2:      chequers_ecumenical_altar_simple, first_bread, uniq_jessica,
          uniq_natasha, uniq_robin
D:3:      kb_xom_exploding_sheep, uniq_iyjb
D:4:      serial_glass, glass_columns_a, glass_columns_b, serial_shops,
          nicolae_shop_waterfront, serial_park_tiny_2, serial_bayou_pond_e,
          uniq_pikel, uniq_crazy_yiuf_cottage, uniq_menkaure
D:5:      serial_shops, kennysheep_mini, serial_glass, glass_columns_b,
          glass_columns_b, fedhas_altar_1
D:6:      serial_bayou_ford_a, uniq_blork_the_orc, uniq_edmund
D:7:      uniq_duvessa
D:8:      dk_yredelemnul_ordeal
D:9:      lair_entry_dummy, serial_shops, nicolae_shop_trees
D:10:     serial_shops, shop, grunt_ogre_cave, hangedman_corner_corridor,
          uniq_psyche, uniq_grum
Temple:   nicolae_temple_the_god_donut

Skill      XL: |  1  2  3  4  5  6  7  8  9 10 |
---------------+-------------------------------+-----
Conjurations   | 4 5 6 8 10 | 10.0
Dodging        | 3 4 5 |  5.2
Stealth        | 3 4 5 |  5.2
Spellcasting   | 3 6 9 12 11 | 12.6
Unarmed Combat | 1 |  1.0
Fighting       | |  0.4
Hexes          | |  0.4
Evocations     | |  0.9

Action                   |  1- 3 |  4- 6 |  7- 9 | 10-12 || total
-------------------------+-------+-------+-------+-------++-------
Melee: Unarmed           |    24 |     2 |    59 |       ||    85
       Bite              |     3 |       |     6 |       ||     9
 Cast: Magic Dart        |    50 |   259 |   269 |    39 ||   617
       Iskenderun's Myst |       |     6 |   220 |    97 ||   323
       Fulminant Prism   |       |     1 |       |       ||     1
Evoke: Wand              |       |       |     3 |       ||     3
  Use: Scroll            |       |       |    14 |     7 ||    21
       Potion            |       |       |     3 |     7 ||    10
 Stab: Sleeping          |     1 |     1 |       |       ||     2
  Eat: Chunk             |     2 |    13 |    25 |     1 ||    41
Armor: Skin              |     9 |     3 |     6 |     5 ||    23
Dodge: Dodged            |    35 |    61 |    91 |    68 ||   255
